 Dungeon Crawl Stone Soup version 0.32-a0-131-g9dbbe29261 (webtiles) character file.

Game seed: 15091909946375865021

138 Ambrosia the Firebug (level 5, 0/42 HPs)
             Began as a Draconian Fire Elementalist on Feb 8, 2024.
             Killed by nerve-wracking pain
             ... invoked by an orc priest
              (13 damage)
             ... on level 3 of the Dungeon.
             The game lasted 00:06:30 (3062 turns).

Ambrosia the Firebug (Draconian Fire Elementalist)  Turns: 3062, Time: 00:06:31

Health: 0/42       AC:  8    Str: 11    XL:     5   Next: 1%
Magic:  1/9        EV: 12    Int: 17    God:
Gold:   92         SH:  0    Dex: 11    Spells: 2/9 levels left

rFire   . . .        b - +0 dagger
rCold   . . .        (no shield)
rNeg    . . .        (body armour unavailable)
rPois   .            (helmet restricted)
rElec   .            g - +1 cloak
rCorr   .            i - +0 pair of gloves
SInv    .            (no boots)
Will    .....        (no amulet)
Stlth   ++           (no ring)
HPRegen 0.27/turn    (no ring)
MPRegen 0.11/turn

%: no passive effects
@: no status effects
A: AC +5, unfitting armour, cold-blooded
a: no special abilities


You were on level 3 of the Dungeon.
You visited 1 branch of the dungeon, and saw 3 of its levels.

You collected 92 gold pieces.

Inventory:

Hand Weapons
 b - a +0 dagger (weapon)
   (You found it on level 1 of the Dungeon)
Armour
 g - a +1 cloak (worn)
   (You found it on level 2 of the Dungeon)
 i - a +0 pair of gloves (worn)
   (You found it on level 2 of the Dungeon)
Scrolls
 e - a scroll of butterflies
 j - 2 scrolls of teleportation {!r!d, @r3}
Potions
 c - a potion of cancellation {unknown}
 h - a potion of haste {unknown}
 k - a potion of resistance {unknown}


   Skills:
 * Level 2.3 Fighting
 + Level 2.2 Dodging
 - Level 1.7 Stealth
 * Level 2.7 Spellcasting
 * Level 2.2 Conjurations
 * Level 3.7 Fire Magic


You had 2 spell levels left.
You knew the following spells:

 Your Spells              Type           Power      Damage    Failure   Level
a - Foxfire               Conj/Fire      48%        2x1d6     5%          1
f - Flame Wave            Conj/Fire      12%        2d6       45%         4
z - Scorch                Fire           30%        2d6       6%          2

Your spell library contained the following spells:

 Spells                   Type           Power      Damage    Failure   Level
 Inner Flame              Hex/Fire       8%         N/A       24%         3
 Volatile Blastmotes      Fire/Tloc      16%        2d11      24%         3


Dungeon Overview and Level Annotations

Branches:
Dungeon (3/15) Zot: 14935

Altars:


Innate Abilities, Weirdness & Mutations

Your plain brown scales are hard. (AC +5)
You cannot fit into any form of body armour.
You are cold-blooded and may be slowed by cold attacks.


Message History

The bombardier beetle bites you.
You take 5 damage, and have 23/36 hp.
You puncture the bombardier beetle!
You kill the bombardier beetle!
The liquid fire burns you!
Your Fighting skill increases to level 2!
You take 2 damage, and have 21/36 hp.
You shake off the liquid fire.
You see here a bombardier beetle corpse.
You start resting.
You feel a little less mighty now.
You regained 11 hp, and now have 33/36 hp.
MP restored: 8 You start resting.
Health restored: 36 No target in view!
An orc comes into view. It is wielding a +0 hand axe.
Okay, then.
An orc is nearby!
Casting: Scorch (safe; 6% risk of failure) Flames lash the orc.
The orc's fire resistance burns away.
You hear a shout! x2
The orc barely misses you.
You hear a shout!
You now have 6/8 mp.
You hit the orc but do no damage. The orc hits you but does no damage.
An orc is nearby!
You hit the orc. The orc hits you with a +0 hand axe.
An orc wizard comes into view. It is wielding a +0 dagger.
There are monsters nearby!
You take 1 damage, and have 35/36 hp.
You conjure some foxfire!
The orc hits you but does no damage.
You now have 5/8 mp.
The orc is no longer more vulnerable to fire.
The foxfire hits the orc.
You kill the orc!
Casting: Foxfire (safe; 5% risk of failure) Flames lash the orc wizard.
The orc wizard's fire resistance burns away.
An orc comes into view. It is wielding a +0 whip.
Health restored: 36 You now have 3/8 mp.
Casting: Scorch (safe; 6% risk of failure) Flames lash the orc wizard.
The orc wizard is burned terribly!
You kill the orc wizard!
Health restored: 37 You now have 1/8 mp.
The orc closely misses you.
An orc priest comes into view. It is wielding a +0 flail.
Things that are here:
a +0 dagger; a +0 robe You hit the orc.
The orc hits you with a +0 whip.
There are monsters nearby!
You take 4 damage, and have 33/37 hp.
The orc priest mumbles some strange prayers to Beogh against you.
Beogh smites you!
You take 12 damage, and have 22/37 hp.
MASSIVE DAMAGE!!
Casting: Scorch (safe; 6% risk of failure) Flames lash the orc.
You kill the orc!
You have reached level 5!
You regained 3 hp, and now have 25/42 hp.
You now have 0/9 mp.
The orc priest mumbles some strange prayers to Beogh against you.
You barely resist.
Okay, then.
Okay, then.
Unknown command.
You are too injured to fight recklessly!
You are too injured to fight recklessly!
Casting: Foxfire (safe; 5% risk of failure)
Press: ? - help, Q - select action, (/) - cycle Dir - look around, f - activate You conjure some foxfire!
You now have 0/9 mp.
The foxfire hits the orc priest.
Hit: b) +0 dagger
Press: ? - help, Dir - move target, f - orc priest
Aim: an orc priest, wielding a +0 flail (lightly wounded, about 38% to evade your +0 dagger)
You hit the orc priest.
The orc priest hits you with a +0 flail.
You take 1 damage, and have 26/42 hp.
The orc priest attacks as it pursues you!
The orc priest hits you with a +0 flail.
You take 6 damage, and have 20/42 hp.
Casting: Foxfire (safe; 5% risk of failure)
Press: ? - help, Q - select action, (/) - cycle Dir - look around, f - activate You conjure some foxfire!
The foxfire hits the orc priest.
You now have 0/9 mp.
The foxfire hits the orc priest but does no damage.
Okay, then.
The orc priest closely misses you.
The orc priest invokes the aid of Beogh against you.
Beogh smites you!
* * * LOW HITPOINT WARNING * * *
You take 11 damage, and have 12/42 hp.
MASSIVE DAMAGE!!
The orc priest looks satisfied for a moment.
The orc priest invokes the aid of Beogh against you.
Pain shoots through your body!
You die...

.###..##.#.# #....# .#
#†###.#.# ####.# .# #.#
#.#.############.#
.###.###....##........#.##
.#..<.<#.....#.######....######
.#.###.........# #..........
...# #.......#########...######
##.###.##...#####...o...##
#............(.@..######
################.## ###


You could see an orc priest.

Vanquished Creatures
  A bombardier beetle (D:3)
  An orc wizard (D:3)
  3 adders (D:2)
  A dart slug (D:3)
  A ribbon worm (D:3)
  2 orcs (D:3)
  8 ball pythons (D:1)
  5 bats (D:1 D:2)
  5 endoplasms (D:1 D:2)
  4 giant cockroaches (D:1 D:2)
  3 goblins (D:1)
  2 hobgoblins (D:1)
  2 quokkas (D:1 D:2)
  4 frilled lizards (D:1 D:2)
  4 kobolds (D:1 D:2)
  2 rats (D:1)
48 creatures vanquished.

Vanquished Creatures (collateral kills)
  A foxfire (D:1)
1 creature vanquished.

Vanquished Creatures (others)
  122 foxfires (D:1 D:2 D:3)
122 creatures vanquished.

Grand Total: 171 creatures vanquished

Notes
Turn   | Place    | Note
-------+----------+-------------------------------------------
     0 | D:1      | Ambrosia the Draconian Fire Elementalist began the quest
                  | for the Orb.
     0 | D:1      | Reached XP level 1. HP: 14/14 MP: 3/3
   131 | D:1      | HP: 7/15 [hobgoblin (1)]
   138 | D:1      | HP: 5/15 [hobgoblin (1)]
   145 | D:1      | Reached XP level 2. HP: 5/22 MP: 0/5
   587 | D:1      | Reached skill level 1 in Fighting
   695 | D:1      | Reached skill level 2 in Dodging
   748 | D:1      | Learned a level 2 spell: Scorch
  1003 | D:1      | Reached XP level 3. HP: 28/28 MP: 3/6
  2186 | D:2      | Reached XP level 4. HP: 34/36 MP: 0/7
  2628 | D:3      | Learned a level 4 spell: Flame Wave
  2749 | D:3      | Reached skill level 2 in Conjurations
  2852 | D:3      | HP: 17/36 [burnt (4)]
  2934 | D:3      | Reached skill level 2 in Fighting
  3025 | D:3      | Ambrosia: hello
  3030 | D:3      | Rudyous: ello
  3040 | D:3      | Reached XP level 5. HP: 25/42 MP: 0/9
  3049 | D:3      | HP: 20/42 [orc priest/+0 flail (6)]
  3059 | D:3      | HP: 12/42 [orc priest/divine providence (11)]
  3062 | D:3      | Killed from afar by an orc priest

Illustrated notes

Levels and vault maps discovered:
D:1:      spicycebolla_arrival_ecumenical, layout_rooms, corexii_hall_statues_l,
          minmay_misc_feat_tiny, minmay_misc_feat_encased, minivault_23,
          minivault_4
D:2:      layout_basic
D:3:      layout_loops_ring, biasface_ghost_orc_armoury, uniq_jessica

Skill      XL: |  1  2  3  4 |
---------------+-------------+-----
Fighting       | 1 2 |  2.3
Dodging        | 2 |  2.2
Conjurations   | 2 |  2.2
Stealth        | |  1.7
Spellcasting   | |  2.7
Fire Magic     | |  3.7

Action                     |  1- 3 |  4- 6 || total
---------------------------+-------+-------++-------
  Melee: Dagger            |    30 |    10 ||    40
         Unarmed           |     1 |       ||     1
   Cast: Foxfire           |    69 |    19 ||    88
         Scorch            |    10 |    10 ||    20
    Use: Scroll            |     3 |     1 ||     4
         Potion            |       |     3 ||     3
 Armour: Skin              |    42 |    11 ||    53
  Dodge: Dodged            |    64 |     7 ||    71

Table legend: (Time is in decaauts)
 A = Elapsed time spent in this place.
 B = Non-inter-level travel time spent in this place.
 C = Inter-level travel time spent in this place.
 D = Time resting spent in this place.
 E = Time spent auto-exploring this place.
 F = Levels seen in this place.
 G = Mean time per level.
                   A        B        C        D        E       F      G
               +--------+--------+--------+--------+--------+-----+--------+
         Total |   3063 |   3043 |     20 |    465 |   2130 |   3 | 1021.0 |
       Dungeon |   3063 |   3043 |     20 |    465 |   2130 |   3 | 1021.0 |
               +--------+--------+--------+--------+--------+-----+--------+

Top non-repeatable levels by time:
     D:2: 1517 daAuts
     D:1: 1211 daAuts
     D:3: 334 daAuts

Levels and vault maps discovered:
D:1:      spicycebolla_arrival_ecumenical, layout_rooms, corexii_hall_statues_l,
          minmay_misc_feat_tiny, minmay_misc_feat_encased, minivault_23,
          minivault_4
D:2:      layout_basic
D:3:      layout_loops_ring, biasface_ghost_orc_armoury, uniq_jessica

Table legend: (Time is in decaauts)
 A = Elapsed time spent in this place.
 B = Non-inter-level travel time spent in this place.
 C = Inter-level travel time spent in this place.
 D = Time resting spent in this place.
 E = Time spent auto-exploring this place.
 F = Levels seen in this place.
 G = Mean time per level.
                   A        B        C        D        E       F      G
               +--------+--------+--------+--------+--------+-----+--------+
         Total |   3063 |   3043 |     20 |    465 |   2130 |   3 | 1021.0 |
       Dungeon |   3063 |   3043 |     20 |    465 |   2130 |   3 | 1021.0 |
               +--------+--------+--------+--------+--------+-----+--------+

Top non-repeatable levels by time:
     D:2: 1517 daAuts
     D:1: 1211 daAuts
     D:3: 334 daAuts

Table legend:
 A = Kills in this place as a percentage of kills in the entire game.
 B = Kills by you in this place as a percentage of kills by you in the entire game.
 C = Kills by friends in this place as a percentage of kills by friends in the entire game.
 D = Other kills in this place as a percentage of other kills in the entire game.
 E = Experience gained in this place as a percentage of experience gained in the entire game.
 F = Experience gained in this place divided by the number of levels of this place that you have seen.
                   A       B       C       D       E      F
               +-------+-------+-------+-------+-------+----------------------
         Total | 100.0 | 100.0 |   N/A |   N/A | 100.0 |  66.0
       Dungeon | 100.0 | 100.0 |   N/A |   N/A | 100.0 |  66.0
               +-------+-------+-------+-------+-------+----------------------
